[ AOE2 MATCH · #482224651 ]
UnrankedPersians vs Hindustanis
[ REPLAY ANALYSIS · EXTRACTED FROM THE RECORDED GAME ]
Feudal
—
Castle
—
Imperial
—
| APM avg | 11.5 |
| APM peak | 48 |
| eAPM avg | 5.1 |
| Villagers / military | 14 / 0 |
Focus
⚔️ 8.6% · 🌾 91.4%
Feudal
9:51
Castle
—
Imperial
—
| APM avg | 36.7 |
| APM peak | 94 |
| eAPM avg | 9.4 |
| Villagers / military | 31 / 5 |
Focus
⚔️ 28.3% · 🌾 71.7%
Scout Cavalry ×5
Feudal
—
Castle
—
Imperial
—
| APM avg | 0.2 |
| APM peak | 2 |
| eAPM avg | 0.2 |
| Villagers / military | 0 / 0 |
Feudal
10:26
Castle
—
Imperial
—
| APM avg | 63.3 |
| APM peak | 120 |
| eAPM avg | 26.0 |
| Villagers / military | 32 / 2 |
Focus
⚔️ 47.6% · 🌾 52.4%
Archer ×2
Feudal
—
Castle
—
Imperial
—
| APM avg | 38.1 |
| APM peak | 80 |
| eAPM avg | 7.5 |
| Villagers / military | 28 / 0 |
Focus
⚔️ 1.7% · 🌾 98.3%
Feudal
—
Castle
—
Imperial
—
| APM avg | 26.6 |
| APM peak | 98 |
| eAPM avg | 6.9 |
| Villagers / military | 18 / 0 |
Focus
⚔️ 9.9% · 🌾 90.1%
Feudal
9:08
Castle
—
Imperial
—
| APM avg | 28.8 |
| APM peak | 55 |
| eAPM avg | 10.2 |
| Villagers / military | 22 / 3 |
Focus
⚔️ 21.4% · 🌾 78.6%
Scout Cavalry ×3
Feudal
—
Castle
—
Imperial
—
| APM avg | 27.7 |
| APM peak | 81 |
| eAPM avg | 10.4 |
| Villagers / military | 22 / 0 |
Focus
⚔️ 26.1% · 🌾 73.9%
Match map
Initial resources + every placement click. Lines = walls · curves = elevation contours. ◆ gold · ⬟ stone · ● berries · ✦ relic · ◌ wall gap
Your base· ✓ Map-separated
Shino's base· ✓ Map-separated
Coldazzzn's base· ✓ Map-separated
其色孤白's base· ✓ Map-separated
weniaasdf's base· ✓ Map-separated
TONY MONTANA's base· ✓ Map-separated
Wicho's base· ✓ Map-separated
zFenix095z's base· ✓ Map-separated
Smoothed initial terrain · ◌ = detected wall gap · hover for details
Inputs per minute
— The_ Rock - - Shino
Build order — The_ Rock
18 actions detected in the replay
| 0:01 | Create | Villager (Male) |
| 0:01 | Create | Villager (Male) |
| 0:01 | Create | Villager (Male) |
| 0:02 | Create | Villager (Male) |
| 0:03 | Build | House |
| 0:04 | Build | House |
| 0:18 | Create | Villager (Male) |
| 1:34 | Create | Villager (Male) |
| 2:08 | Create | Villager (Male) |
| 2:30 | Create | Villager (Male) |
| 3:13 | Create | Villager (Male) |
| 3:15 | Build | House |
| 3:29 | Create | Villager (Male) |
| 3:48 | Build | Mill |
| 3:58 | Create | Villager (Male) |
| 3:58 | Create | Villager (Male) |
| 4:26 | Create | Villager (Male) |
| 4:26 | Create | Villager (Male) |
Build order — Shino
61 actions detected in the replay
| 0:00 | Create | Villager (Male) |
| 0:01 | Create | Villager (Male) |
| 0:01 | Create | Villager (Male) |
| 0:03 | Build | House |
| 0:04 | Build | House |
| 0:10 | Create | Villager (Male) |
| 1:06 | Create | Villager (Male) |
| 1:31 | Create | Villager (Male) |
| 2:01 | Create | Villager (Male) |
| 2:27 | Create | Villager (Male) |
| 2:40 | Build | Lumber Camp |
| 3:16 | Create | Villager (Male) |
| 3:18 | Create | Villager (Male) |
| 3:34 | Create | Villager (Male) |
| 3:37 | Create | Villager (Male) |
| 4:21 | Build | Mill |
| 4:23 | Create | Villager (Male) |
| 4:39 | Create | Villager (Male) |
| 4:41 | Build | House |
| 5:13 | Create | Villager (Male) |
| 5:16 | Create | Villager (Male) |
| 5:50 | Create | Villager (Male) |
| 6:33 | Research | Loom |
| 7:35 | Research | Feudal Age |
| 7:43 | Build | Barracks |
| 8:09 | Build | House |
| 9:17 | Build | House |
| 9:34 | Create | Villager (Male) |
| 9:34 | Create | Villager (Male) |
| 9:51 | Age | Feudal Age |
| 9:54 | Build | Stable |
| 9:57 | Create | Villager (Male) |
| 10:09 | Research | Double-Bit Axe |
| 10:14 | Build | Farm |
| 10:19 | Create | Villager (Male) |
| 10:26 | Build | Farm |
| 10:37 | Create | Villager (Male) |
| 10:42 | Create | Villager (Male) |
| 10:45 | Build | Farm |
| 10:46 | Create | Villager (Male) |
| 10:49 | Create | Villager (Male) |
| 10:53 | Build | House |
| 10:54 | Create | Scout Cavalry |
| 10:55 | Create | Scout Cavalry |
| 11:09 | Create | Scout Cavalry |
| 11:09 | Create | Villager (Male) |
| 11:11 | Build | Farm |
| 11:13 | Create | Villager (Male) |
| 11:19 | Build | Farm |
| 11:27 | Create | Villager (Male) |
| 11:37 | Build | Farm |
| 11:38 | Create | Villager (Male) |
| 11:43 | Build | House |
| 11:52 | Build | Farm |
| 11:56 | Create | Scout Cavalry |
| 12:04 | Build | Farm |
| 12:09 | Create | Villager (Male) |
| 12:15 | Build | House |
| 12:21 | Build | Farm |
| 12:27 | Create | Scout Cavalry |
| 12:48 | Create | Villager (Male) |
Build order — Coldazzzn
0 actions detected in the replay
Build order — 其色孤白
58 actions detected in the replay
| 0:01 | Create | Villager (Male) |
| 0:01 | Create | Villager (Male) |
| 0:02 | Research | Loom |
| 0:05 | Build | House |
| 0:07 | Build | House |
| 0:21 | Create | Villager (Male) |
| 0:21 | Create | Villager (Male) |
| 0:30 | Create | Villager (Male) |
| 1:29 | Create | Villager (Male) |
| 2:17 | Create | Villager (Male) |
| 2:18 | Create | Villager (Male) |
| 2:18 | Create | Villager (Male) |
| 2:51 | Build | Lumber Camp |
| 3:01 | Create | Villager (Male) |
| 3:02 | Create | Villager (Male) |
| 3:02 | Create | Villager (Male) |
| 3:49 | Create | Villager (Male) |
| 3:50 | Create | Villager (Male) |
| 3:59 | Create | Villager (Male) |
| 3:59 | Create | Villager (Male) |
| 4:00 | Build | House |
| 4:46 | Create | Villager (Male) |
| 4:46 | Create | Villager (Male) |
| 5:21 | Create | Villager (Male) |
| 5:21 | Create | Villager (Male) |
| 5:22 | Build | House |
| 5:29 | Create | Villager (Male) |
| 6:05 | Create | Villager (Male) |
| 6:06 | Create | Villager (Male) |
| 6:24 | Build | Barracks |
| 6:31 | Create | Villager (Male) |
| 7:26 | Build | Mill |
| 7:32 | Create | Villager (Male) |
| 8:13 | Research | Feudal Age |
| 8:59 | Build | Mining Camp |
| 9:24 | Create | Villager (Male) |
| 9:38 | Build | House |
| 10:26 | Age | Feudal Age |
| 10:29 | Build | Archery Range |
| 10:34 | Build | Blacksmith |
| 10:40 | Create | Villager (Male) |
| 10:44 | Research | Double-Bit Axe |
| 11:07 | Create | Villager (Male) |
| 11:22 | Build | House |
| 11:29 | Create | Archer |
| 11:29 | Create | Archer |
| 11:31 | Create | Villager (Male) |
| 11:39 | Research | Horse Collar |
| 11:55 | Build | Farm |
| 11:56 | Build | Farm |
| 11:57 | Build | Farm |
| 12:00 | Create | Villager (Male) |
| 12:11 | Create | Villager (Male) |
| 12:17 | Build | Farm |
| 12:29 | Build | Farm |
| 12:34 | Create | Villager (Male) |
| 12:45 | Build | Farm |
| 12:46 | Build | Farm |
Build order — weniaasdf
29 actions detected in the replay
| 0:00 | Create | Villager (Male) |
| 0:01 | Create | Villager (Male) |
| 0:01 | Create | Villager (Male) |
| 0:02 | Build | House |
| 0:03 | Build | House |
| 0:10 | Create | Villager (Male) |
| 1:40 | Create | Villager (Male) |
| 2:04 | Create | Villager (Male) |
| 2:04 | Create | Villager (Male) |
| 2:19 | Build | Lumber Camp |
| 2:26 | Build | Lumber Camp |
| 2:56 | Create | Villager (Male) |
| 2:56 | Create | Villager (Male) |
| 2:56 | Create | Villager (Male) |
| 3:00 | Build | House |
| 3:42 | Create | Villager (Male) |
| 3:42 | Create | Villager (Male) |
| 4:11 | Create | Villager (Male) |
| 4:11 | Create | Villager (Male) |
| 4:40 | Create | Villager (Male) |
| 5:04 | Build | Mining Camp |
| 5:26 | Create | Villager (Male) |
| 5:53 | Create | Villager (Male) |
| 6:18 | Create | Villager (Male) |
| 6:52 | Build | House |
| 6:55 | Research | Loom |
| 6:59 | Create | Villager (Male) ×5 |
| 6:59 | Create | Villager (Male) ×5 |
| 7:28 | Build | House |
Build order — TONY MONTANA
23 actions detected in the replay
| 0:01 | Create | Villager (Male) |
| 0:01 | Create | Villager (Male) |
| 0:01 | Create | Villager (Male) |
| 0:01 | Create | Villager (Male) |
| 0:03 | Build | House |
| 0:05 | Build | House |
| 1:35 | Create | Villager (Male) |
| 1:35 | Create | Villager (Male) |
| 2:05 | Create | Villager (Male) |
| 2:06 | Create | Villager (Male) |
| 2:20 | Build | Lumber Camp |
| 2:27 | Create | Villager (Male) |
| 2:55 | Create | Villager (Male) |
| 2:55 | Create | Villager (Male) |
| 3:13 | Create | Villager (Male) |
| 3:40 | Create | Villager (Male) |
| 3:40 | Create | Villager (Male) |
| 3:53 | Build | House |
| 3:54 | Build | House |
| 4:12 | Create | Villager (Male) |
| 4:13 | Create | Villager (Male) |
| 4:53 | Create | Villager (Male) |
| 5:26 | Create | Villager (Male) |
Build order — Wicho
42 actions detected in the replay
| 0:02 | Create | Villager (Male) |
| 0:02 | Create | Villager (Male) |
| 0:03 | Build | House |
| 0:06 | Build | House |
| 0:22 | Create | Villager (Male) |
| 1:01 | Create | Villager (Male) |
| 1:01 | Create | Villager (Male) |
| 1:25 | Create | Villager (Male) |
| 2:11 | Create | Villager (Male) |
| 2:14 | Build | Lumber Camp |
| 2:31 | Create | Villager (Male) |
| 3:03 | Create | Villager (Male) |
| 3:03 | Create | Villager (Male) |
| 3:39 | Build | House |
| 3:50 | Create | Villager (Male) |
| 3:51 | Create | Villager (Male) |
| 4:01 | Build | House |
| 4:07 | Build | Mill |
| 4:42 | Create | Villager (Male) |
| 4:43 | Create | Villager (Male) |
| 5:34 | Create | Villager (Male) |
| 5:52 | Create | Villager (Male) |
| 6:10 | Research | Loom |
| 7:04 | Research | Feudal Age |
| 7:23 | Build | Barracks |
| 9:01 | Create | Villager (Male) |
| 9:08 | Age | Feudal Age |
| 9:39 | Build | Farm |
| 9:41 | Build | Farm |
| 9:42 | Create | Villager (Male) |
| 9:52 | Build | House |
| 10:11 | Build | Stable |
| 10:23 | Create | Villager (Male) |
| 10:23 | Create | Villager (Male) |
| 10:25 | Build | Farm |
| 10:28 | Build | Farm |
| 11:07 | Create | Villager (Male) |
| 11:11 | Build | Farm |
| 11:28 | Create | Scout Cavalry |
| 11:28 | Create | Scout Cavalry |
| 11:31 | Create | Villager (Male) |
| 12:24 | Create | Scout Cavalry |
Build order — zFenix095z
28 actions detected in the replay
| 0:01 | Create | Villager (Male) |
| 0:03 | Build | House |
| 0:06 | Build | House |
| 0:12 | Create | Villager (Male) |
| 0:24 | Create | Villager (Male) |
| 0:31 | Create | Villager (Male) |
| 1:36 | Create | Villager (Male) |
| 1:47 | Build | Lumber Camp |
| 2:02 | Create | Villager (Male) |
| 2:08 | Build | House |
| 2:22 | Create | Villager (Male) |
| 2:53 | Create | Villager (Male) |
| 2:53 | Create | Villager (Male) |
| 3:13 | Create | Villager (Male) |
| 3:41 | Create | Villager (Male) |
| 4:02 | Create | Villager (Male) |
| 4:33 | Create | Villager (Male) |
| 4:34 | Create | Villager (Male) |
| 4:34 | Create | Villager (Male) |
| 4:34 | Create | Villager (Male) |
| 5:08 | Build | Dock |
| 5:11 | Create | Villager (Male) |
| 5:55 | Build | Mill |
| 5:58 | Create | Villager (Male) |
| 5:58 | Create | Villager (Male) |
| 5:59 | Create | Villager (Male) |
| 6:19 | Create | Villager (Male) |
| 6:22 | Create | Villager (Male) |
Match timeline
| 5:08 | zFenix095z · first_building Dock |
| 5:27 | The_ Rock · resign |
| 6:24 | 其色孤白 · first_building Barracks |
| 7:23 | Wicho · first_building Barracks |
| 7:43 | Shino · first_building Barracks |
| 9:08 | Wicho · age_up feudal |
| 9:51 | Shino · age_up feudal |
| 9:54 | Shino · first_building Stable |
| 10:11 | Wicho · first_building Stable |
| 10:26 | 其色孤白 · age_up feudal |
| 10:29 | 其色孤白 · first_building Archery Range |
[ AI ANALYSIS · 1 CREDIT ]
What really happened in this match?
Wolo.gg analyzes every decision: build order, eco, micro, common mistakes by bracket. Personalized analysis on WhatsApp or Discord in 30 seconds.
Civ guide
Persians
Perfil
Jugador #737344